 Dungeon Crawl Stone Soup version 0.30-a0-956-gcec3b41aec (webtiles) character file.

Game seed: 2384698942048360157

408 Darius099 the Cleaver (level 6, -10/52 HPs)
             Began as a Minotaur Fighter on Mar 29, 2023.
             Mangled by Edmund
             ... wielding a +3 dire flail of protection
              (14 damage)
             ... on level 5 of the Dungeon.
             The game lasted 00:08:15 (2527 turns).

Darius099 the Cleaver (Minotaur Fighter)            Turns: 2527, Time: 00:08:16

Health: -10/52     AC: 12    Str: 23    XL:     6   Next: 57%
Magic:  5/5        EV:  6    Int:  5    God:
Gold:   185        SH:  4    Dex:  9    Spells: 5/5 levels left

rFire   . . .      SeeInvis .    a - +0 war axe
rCold   . . .      Faith    .    c - +0 buckler
rNeg    . . .      Spirit   .    i - +0 plate armour
rPois   .          Reflect  .    (helmet restricted)
rElec   .          Rampage  .    (no cloak)
rCorr   .                        t - +0 pair of gloves
Will    .....                    (no boots) Stlth
                                 (no amulet)
HPRegen 0.28/turn                (no ring)
MPRegen 0.09/turn                (no ring)

@: no status effects
A: horns 2, retaliatory headbutt
a: no special abilities


You were on level 5 of the Dungeon.
You visited 1 branch of the dungeon, and saw 5 of its levels.

You collected 185 gold pieces.

Inventory:

Hand Weapons
 a - a +0 war axe (weapon)
Missiles
 w - 5 poisoned darts (quivered)
Armour
 c - a +0 buckler (worn)
 i - a +0 plate armour (worn)
 t - a +0 pair of gloves (worn)
Wands
 s - a wand of flame (14)
Scrolls
 f - 3 scrolls of teleportation {unknown}
 h - 3 scrolls of identify {unknown}
 m - a scroll of fog {unknown}
 n - a scroll of noise {unknown}
 r - a scroll of magic mapping {unknown}
 v - 3 scrolls of immolation {unknown}
Potions
 b - 2 potions of invisibility {unknown}
 d - a potion of might
 e - a potion of degeneration {unknown}
 g - 2 potions of curing {unknown}
 j - a potion of flight {unknown}
 k - 2 potions of haste {unknown}
 l - a potion of mutation {unknown}
 o - 2 potions of lignification {unknown}
 p - 2 potions of cancellation {unknown}
 q - a potion of attraction {unknown}
 u - a potion of resistance {unknown}


   Skills:
 - Level 3.7 Fighting
 + Level 8.4 Axes
 - Level 3.7 Armour
 - Level 3.7 Shields


You had 5 spell levels left.
You didn't know any spells.
Your spell library contained the following spells:

 Spells                   Type           Power      Damage    Failure   Level
 Dazzling Flash           Conj/Hex       0%         N/A       100%        3
 Frozen Ramparts          Ice            0%         1d1       100%        3
 Ice Form                 Ice/Tmut       0%         N/A       100%        4
 Summon Ice Beast         Ice/Summ       0%         N/A       100%        4
 Agony                    Necr           0%         N/A       100%        5
 Silence                  Hex/Air        0%         N/A       100%        5


Dungeon Overview and Level Annotations

Branches:
Dungeon (5/15)
 Temple: D:4-7

Altars:
Makhleb
Qazlal

Shops:
D:4 =

Annotations:
D:5 Edmund


Innate Abilities, Weirdness & Mutations

You have a pair of horns on your head.
You reflexively headbutt those who attack you in melee.


Message History

You barely miss Edmund. You headbutt Edmund.
Edmund is lightly wounded.
Edmund hits you with a +3 dire flail of protection.
You slash Edmund!
Edmund is moderately wounded.
Edmund barely misses you. You block Edmund's attack.
You hit Edmund but do no damage.
Edmund is moderately wounded.
Edmund closely misses you.
You barely miss Edmund.
Edmund is moderately wounded.
Edmund hits you with a +3 dire flail of protection.
You barely miss Edmund. Your headbutt misses Edmund.
Edmund is moderately wounded.
Edmund hits you but does no damage.
You barely miss Edmund.
Edmund is moderately wounded.
You block Edmund's attack.
You hit Edmund but do no damage. Your headbutt misses Edmund.
Edmund is moderately wounded.
Edmund hits you with a +3 dire flail of protection!
You slash Edmund! You headbutt Edmund, but do no damage.
Edmund is moderately wounded.
Edmund barely misses you.
You hit Edmund but do no damage.
Edmund is moderately wounded.
Edmund hits you with a +3 dire flail of protection.
You barely miss Edmund.
Edmund is moderately wounded.
Edmund hits you with a +3 dire flail of protection!
* * * LOW HITPOINT WARNING * * *
Edmund hits you but does no damage.
You hit Edmund but do no damage. Your headbutt misses Edmund.
Edmund is moderately wounded.
Edmund hits you with a +3 dire flail of protection!
* * * LOW HITPOINT WARNING * * *
You hit Edmund but do no damage.
Edmund is moderately wounded.
Edmund hits you with a +3 dire flail of protection!
You die...

## #. #. #.
#####.#####
#.....@...###
#.....@.....#
#...........#
#...........#######
#.................#
#...........#####.#
##.......##...####.#
#.......#.....#....#
#.......#.#.###.####
#.......#.#.....#


You could see Edmund.

Vanquished Creatures
  A sky beast (D:4)
  A centaur (D:5)
  A jelly (D:5)
  An iguana (D:5)
  An orc wizard (D:5)
  6 adders
  A dart slug (D:1)
  3 worms
  11 orcs
  8 bats
  6 endoplasms
  A giant cockroach (D:2)
  6 goblins
  6 hobgoblins
  7 jackals
  3 quokkas (D:4)
  5 ball pythons
  4 frilled lizards
  5 kobolds
  7 rats
84 creatures vanquished.

Vanquished Creatures (others)
  4 fungi (D:4)
4 creatures vanquished.

Grand Total: 88 creatures vanquished

Notes
Turn   | Place    | Note
-------+----------+-------------------------------------------
     0 | D:1      | Darius099 the Minotaur Fighter began the quest for the Orb.
     0 | D:1      | Reached XP level 1. HP: 19/19 MP: 0/0
   128 | D:1      | Reached skill level 3 in Axes
   128 | D:1      | Reached XP level 2. HP: 26/27 MP: 1/1
   479 | D:2      | Reached skill level 4 in Axes
   479 | D:2      | Reached XP level 3. HP: 33/33 MP: 2/2
   733 | D:2      | Reached skill level 5 in Axes
   740 | D:2      | Reached XP level 4. HP: 40/40 MP: 3/3
   881 | D:2      | Found a burning altar of Makhleb.
  1419 | D:4      | Found Wienwetzing's Jewellery Boutique.
  1478 | D:4      | Found Xoellofy's Magic Scroll Boutique.
  1557 | D:4      | Found a stormy altar of Qazlal.
  1569 | D:4      | Reached skill level 6 in Axes
  1703 | D:4      | Noticed a sky beast
  1721 | D:4      | Killed a sky beast
  1722 | D:4      | Reached skill level 7 in Axes
  1722 | D:4      | Reached XP level 5. HP: 18/46 MP: 4/4
  2257 | D:5      | Entered Level 5 of the Dungeon
  2315 | D:5      | Noticed a centaur
  2325 | D:5      | Killed a centaur
  2326 | D:5      | Reached skill level 8 in Axes
  2326 | D:5      | Reached XP level 6. HP: 39/52 MP: 5/5
  2512 | D:5      | Noticed Edmund
  2527 | D:5      | Mangled by Edmund

Illustrated notes

Levels and vault maps discovered:
D:1:      minmay_arrival_open_corners, layout_rooms
D:2:      layout_rooms, basic_altar, minmay_misc_feat_rugged
D:3:      layout_basic
D:4:      layout_loops_ring, mainiacjoe_overflow_chevrons,
          minmay_shop_grid_forest, nicolae_stop_n_shop_2
D:5:      layout_basic, serial_shops, shop_statue,
          kennysheep_opposing_triangles, uniq_edmund

Skill      XL: |  1  2  3  4  5 |
---------------+----------------+-----
Axes           | 3 4 5 7 8 |  8.4
Fighting       | |  3.7
Armour         | |  3.7
Shields        | |  3.7

Action                     |  1- 3 |  4- 6 || total
---------------------------+-------+-------++-------
  Melee: War axe           |    59 |   154 ||   213
         Headbutt          |     6 |    17 ||    23
 Armour: Scale mail        |    13 |       ||    13
         Plate armour      |    15 |   106 ||   121
  Dodge: Dodged            |    20 |    34 ||    54
  Block: Buckler           |    12 |    31 ||    43

Table legend: (Time is in decaauts)
 A = Elapsed time spent in this place.
 B = Non-inter-level travel time spent in this place.
 C = Inter-level travel time spent in this place.
 D = Time resting spent in this place.
 E = Time spent auto-exploring this place.
 F = Levels seen in this place.
 G = Mean time per level.
                   A        B        C        D        E       F      G
               +--------+--------+--------+--------+--------+-----+--------+
         Total |   2579 |   2444 |    135 |    169 |   1570 |   5 |  515.8 |
       Dungeon |   2579 |   2444 |    135 |    169 |   1570 |   5 |  515.8 |
               +--------+--------+--------+--------+--------+-----+--------+

Top non-repeatable levels by time:
     D:4: 853 daAuts
     D:2: 545 daAuts
     D:1: 486 daAuts
     D:3: 418 daAuts
     D:5: 275 daAuts
